 Dungeon Crawl Stone Soup version 0.22.0-6-g71bd7aa (console) character file.

1803 removed the Carver (level 8, -3/46 HPs)
             Began as a Deep Elf Abyssal Knight on Aug 14, 2018.
             Was a Believer of Lugonu.
             Slain by a wyvern (17 damage)
             ... on level 8 of the Dungeon.
             The game lasted 00:26:32 (10960 turns).

removed the Carver (Deep Elf Abyssal Knight)       Turns: 10960, Time: 00:26:33

Health: -3/46      AC:  4    Str:  9    XL:     8   Next: 83%
Magic:  13/13      EV: 16    Int: 23    God:    Lugonu [**....]
Gold:   393        SH:  0    Dex: 14    Spells: 7/7 levels left

rFire    + . .     SeeInvis .   a - +3 scimitar
rCold    . . .     Gourm    .   (no shield)
rNeg     . . .     Faith    .   y - +1 robe {rF+}
rPois    .         Spirit   .   (no helmet)
rElec    .         Reflect  .   O - +0 cloak
rCorr    .         Harm     .   (no gloves)
MR       .....                  (no boots)
Stlth    +.........             P - amulet of rage
HPRegen  0.15/turn              G - +3 ring of intelligence
MPRegen  0.13/turn              (no ring)

@: no status effects
A: no striking features
a: Depart the Abyss, Bend Space, Renounce Religion, Evoke Berserk Rage


You were on level 8 of the Dungeon.
You worshipped Lugonu.
Lugonu was pleased with you.
You were not hungry.

You visited 1 branch of the dungeon, and saw 8 of its levels.
You visited the Abyss 1 time.

You collected 519 gold pieces.
You spent 126 gold pieces at shops.

Inventory:

Hand Weapons
 a - a +3 scimitar (weapon)
 b - a +1 short sword of venom
 H - a +1 falchion
 N - a +0 long sword
Missiles
 h - 43 stones (quivered)
 x - 17 poisoned needles
Armour
 y - a +1 robe of fire resistance (worn)
 F - a +0 leather armour
 O - a +0 cloak (worn)
Jewellery
 s - a +2 amulet of reflection
 G - a +3 ring of intelligence (left hand)
 P - an amulet of rage (around neck)
Wands
 J - a wand of clouds (2)
Scrolls
 g - a scroll of enchant armour
 n - 2 scrolls of enchant weapon
 p - 2 scrolls of teleportation
 q - a scroll of blinking
 v - a scroll of fog
 C - a scroll of magic mapping
 D - 6 scrolls of remove curse
 R - a scroll of noise {unknown}
Potions
 l - a potion of cancellation
 m - a potion of brilliance
 t - a potion of heal wounds
 w - 2 potions of agility
 L - a potion of berserk rage
 M - a potion of might
 S - 2 potions of haste {unknown}
 T - 2 potions of flight {unknown}
Comestibles
 c - 6 rations
 U - 4 chunks of flesh


   Skills:
 - Level 3.4 Fighting
 + Level 8.7 Long Blades
 - Level 0.7 Armour
 - Level 6.3 Dodging
 - Level 4.1 Invocations


You had 7 spell levels left.
You didn't know any spells.
Your spell library was empty.

Dungeon Overview and Level Annotations

Branches:
Dungeon (8/15)             Temple (0/1) D:4
   Lair: D:8-11

Altars:
Ashenzari
Gozag
Trog

Shops:
D:4 ?

Annotations:
D:3 exclusion: adder
D:7 exclusion: two-headed ogre, Harold, Joseph
D:8 exclusion: ice beast


Message History

A wyvern comes into view.
The wyvern moves out of view.
U - 4 chunks of flesh
Found a stone staircase leading down.
The wyvern is too close now for your liking.
The wyvern hisses angrily.
Evoke which item? (* to show all) (? for menu, Esc to quit)
Okay, then.
Okay, then.
You swing at nothing.
The wyvern barely misses you.
You slash the wyvern!
The wyvern is moderately wounded.
The wyvern bites you.
You hit the wyvern.
The wyvern is moderately wounded.
The wyvern barely misses you.
You slash the wyvern!
The wyvern is severely wounded.
The wyvern bites you!! The wyvern bites you!
You die...

#..............#
##.#...######..# ###...# #.....#
#...# #.###.# #####
#...###.###.# ##...##
#........##.#####
#.....####..###..##.....##
#######.........l.###..........#
.......<........@......######..#
###.####....####.####..# .#
###.#######.# #.####..# #
#>......###.# #.......#
#.......#...## #.##......
#......(.<...# #.####.###
.............# #.# #..>
#............# #.# #
#.......#...## #.#


You could see a wyvern.

Vanquished Creatures
  A water moccasin (D:7)
  Duvessa (D:4)
  An ice beast (D:8)
  A sky beast (D:6)
  A phantom (D:8)
  An ogre (D:6)
  2 centaurs
  A crocodile (D:8)
  2 bullfrogs
  Dowan (D:4)
  A howler monkey (D:6)
  3 wights
  A bullfrog zombie (D:7)
  A crimson imp (D:7)
  A quasit (D:8)
  A jelly (D:8)
  An orc priest (D:6)
  A gnoll shaman (D:7)
  A hound (D:6)
  2 iguanas
  2 orc wizards (D:7)
  2 worker ants
  A hound zombie (D:5)
  3 hound skeletons
  8 adders
  6 gnolls
  4 shadow imps
  2 oozes
  An adder skeleton (D:4)
  3 worms
  A dart slug (D:4)
  A leopard gecko (D:3)
  12 orcs
  4 bats
  3 giant cockroaches
  8 goblins
  3 hobgoblins
  2 jackals (D:2)
  5 quokkas
  A ball python (D:7)
  4 frilled lizards
  5 kobolds
  2 leopard gecko skeletons
  A rat (D:2)
109 creatures vanquished.

Vanquished Creatures (others)
  An adder skeleton (D:4)
1 creature vanquished.

Grand Total: 110 creatures vanquished

Notes
Turn   | Place    | Note
-------+----------+-------------------------------------------
     0 | Abyss:1  | removed the Deep Elf Abyssal Knight began the quest for the Orb.
     0 | Abyss:1  | Reached XP level 1. HP: 13/13 MP: 4/4
     0 | D:1      | Escaped the Abyss
   429 | D:1      | Reached skill level 2 in Long Blades
  1127 | D:2      | Reached XP level 2. HP: 18/18 MP: 5/5
  1151 | D:2      | Reached * piety under Lugonu
  1683 | D:2      | Reached skill level 3 in Long Blades
  2108 | D:3      | Reached XP level 3. HP: 20/22 MP: 6/6
  3302 | D:4      | Noticed Duvessa
  3302 | D:4      | Noticed Dowan
  3305 | D:4      | Killed Dowan
  3305 | D:4      | Reached skill level 4 in Long Blades
  3305 | D:4      | Reached XP level 4. HP: 27/27 MP: 7/7
  3307 | D:4      | Killed Duvessa
  3307 | D:4      | Reached skill level 5 in Long Blades
  3307 | D:4      | Reached XP level 5. HP: 31/31 MP: 8/8
  3533 | D:4      | Found a shattered altar of Ashenzari.
  4158 | D:4      | Noticed a phantom
  4226 | D:4      | Found Doipn's Magic Scroll Shop.
  4243 | D:4      | Bought a scroll of identify for 28 gold pieces
  4287 | D:4      | Found a bloodstained altar of Trog.
  4398 | D:4      | Found a staircase to the Ecumenical Temple.
  4424 | D:4      | Bought a scroll of identify for 28 gold pieces
  4424 | D:4      | Bought a scroll of identify for 28 gold pieces
  4426 | D:4      | Bought a scroll of remove curse for 42 gold pieces
  4436 | D:5      | Entered Level 5 of the Dungeon
  4499 | D:5      | Noticed a centaur
  4518 | D:5      | Killed a centaur
  4518 | D:5      | Reached skill level 6 in Long Blades
  4518 | D:5      | Reached XP level 6. HP: 22/36 MP: 9/9
  4828 | D:5      | Found an opulent altar of Gozag.
  5699 | D:6      | Reached XP level 7. HP: 20/40 MP: 10/10
  6009 | D:6      | Reached skill level 5 in Dodging
  6587 | D:6      | Reached ** piety under Lugonu
  8536 | D:7      | Noticed Harold
  8684 | D:6      | Reached XP level 8. HP: 31/46 MP: 13/13
  8785 | D:7      | Noticed Joseph
  8833 | D:7      | Reached skill level 7 in Long Blades
  9331 | D:7      | Noticed a two-headed ogre
  9551 | D:7      | Reached skill level 8 in Long Blades
 10960 | D:8      | Slain by a wyvern

Skill      XL: |  1  2  3  4  5  6  7  8 |
---------------+-------------------------+-----
Long Blades    | 2 3 4 5 6 8 |  8.7
Dodging        | 4 5 6 |  6.3
Fighting       | 3 |  3.4
Invocations    | 4 |  4.1
Armour         | |  0.7

Action                   |  1- 3 |  4- 6 |  7- 9 || total
-------------------------+-------+-------+-------++-------
Melee: Falchion          |    72 |    58 |       ||   130
       Short sword       |       |    33 |   119 ||   152
       Long sword        |       |    21 |    37 ||    58
       Scimitar          |       |       |   120 ||   120
Throw: Stone             |     5 |       |       ||     5
Invok: Depart the Abyss  |     1 |       |       ||     1
Evoke: Wand              |     4 |     3 |     4 ||    11
  Use: Scroll            |       |     7 |     6 ||    13
       Potion            |       |     4 |     4 ||     8
 Stab: Sleeping          |     1 |       |     2 ||     3
  Eat: Ration            |     1 |     1 |     2 ||     4
       Chunk             |     4 |     4 |    11 ||    19
Armor: Leather armour    |    12 |     4 |       ||    16
       Skin              |       |    21 |    24 ||    45
       Robe              |       |    12 |    31 ||    43
Dodge: Dodged            |    49 |    66 |   169 ||   284
Block: Other             |       |     7 |     6 ||    13
       Rpst.: Falchion   |    18 |    15 |       ||    33
       Long sword        |       |     1 |     9 ||    10
       Scimitar          |       |       |    17 ||    17
